[Event "Early-Titled-Tuesday-Blitz-September-26-2023"]
[Site "Chess.com"]
[Date "2023.09.26"]
[Round "9"]
[White "TatjanaVasilevich"]
[Black "ArtemDyachuk"]
[Result "0-1"]
[WhiteElo "2566"]
[BlackElo "2703"]
[TimeControl "180+1"]
[EndTime "9:44:46 PDT"]
[Termination "ArtemDyachuk won by checkmate"]

1. d4 Nf6 2. c4 e6 3. Nc3 c5 4. d5 exd5 5. cxd5 d6 6. e4 g6 7. Bf4 Bg7 8. Bb5+ Bd7 9. Bd3 O-O 10. Nge2 Qe7 11. O-O Na6 12. a4 Nb4 13. Bb1 a6 14. a5 Rfe8 15. Re1 Ng4 16. Ng3 Bd4 17. Re2 Qh4 18. Nh1 Nxf2 19. Nxf2 Qxf4 20. Rd2 Bg4 21. Qe1 Be3 22. Re2 Bxe2 23. Qxe2 Bd4 24. Ba2 Nd3 25.
Nd1 Rxe4 26. Qxd3 Re1+ 27. Qf1 Rae8 28. g3 Qf3 29. Bc4 Rxf1+ 30. Kxf1 h5 31. Rc1 h4 32. gxh4 Kg7 33. Rc2 Rh8 34. Be2 Qf4 35. h5 Qxh2 36. hxg6 fxg6 37. Bg4 Rf8 38. Rd2 Qh1+ 39. Ke2 Qg2 40. Ke1 Bxf2+ 41. Nxf2 Qg1+ 42. Ke2 Rxf2+ 43. Kd3 Rxd2+ 44. Kxd2 Qxg4 45. Kd3 Qd4+ 46. Kc2 c4 47. Kb1 Qd3+ 48. Ka2 Qxd5 49. b3 c3 50. Ka1 Qd2 51.
b4 Qb2# 0-1

[Event "Early-Titled-Tuesday-Blitz-September-26-2023"]
[Site "Chess.com"]
[Date "2023.09.26"]
[Round "9"]
[White "Jaka_Brilej"]
[Black "Kopytkin"]
[Result "1-0"]
[WhiteElo "2502"]
[BlackElo "2367"]
[TimeControl "180+1"]
[EndTime "9:44:48 PDT"]
[Termination "Jaka_Brilej won on time"]

1. e4 Nf6 2. e5 Nd5 3. d4 d6 4. c4 Nb6 5. f4 dxe5 6. fxe5 c5 7. d5 e6 8. Nc3 exd5 9. cxd5 c4 10. Bxc4 Bc5 11. Nf3 O-O 12. Bb3 Bg4 13. Bf4 N8d7 14.
h3 Bh5 15. Qe2 Re8 16. e6 Nf6 17.
O-O-O Rc8 18. Kb1 Bb4 19. Be5 Bxc3 20. bxc3 Nfxd5 21. c4 fxe6 22. cxd5 exd5 23. Rhe1 Qd7 24. Qb2 Nc4 25. Bxc4 Rxc4 26. Bc3 Rec8 27. Rc1 Bg6+ 28. Ka1 b5 29. Ne5 Qb7 30. Nxc4 dxc4 31. Bb4 a5 32. Re7 Qxe7 33. Bxe7 b4 34. Qe5 c3 35. Qe6+ 1-0

[Event "Early-Titled-Tuesday-Blitz-September-26-2023"]
[Site "Chess.com"]
[Date "2023.09.26"]
[Round "9"]
[White "borocotoajua"]
[Black "KorolDimitriy75"]
[Result "0-1"]
[WhiteElo "2560"]
[BlackElo "2413"]
[TimeControl "180+1"]
[EndTime "9:44:50 PDT"]
[Termination "KorolDimitriy75 won by checkmate"]

1. d4 Nf6 2. Nf3 g6 3. c4 c5 4. d5 b5 5. g3 bxc4 6. Nc3 d6 7. Bg2 Bg7 8. O-O O-O 9. e4 Nbd7 10. Re1 Ng4 11. Bf1 Ba6 12. Qa4 Qc8 13. Bg5 Re8 14. Bh3 h5 15. Kg2 Rb8 16. Rab1 Rb4 17. Qd1 Qb7 18. Nd2 Rxb2 19. Rxb2 Qxb2 20. Qa4 Bxc3 21.
Qxd7 Rf8 22. Rb1 Qc2 23. Bxg4 Bxd2 24. Bxe7 Qxe4+ 25. Bf3 Qxb1 26. Bxf8 c3 27. Be7 Qf1# 0-1

[Event "Early-Titled-Tuesday-Blitz-September-26-2023"]
[Site "Chess.com"]
[Date "2023.09.26"]
[Round "9"]
[White "Antik5"]
[Black "GeorgiosSouleidis"]
[Result "1-0"]
[WhiteElo "2409"]
[BlackElo "2540"]
[TimeControl "180+1"]
[EndTime "9:44:55 PDT"]
[Termination "Antik5 won on time"]

1. c4 e5 2. Nc3 Nf6 3. Nf3 e4 4. Ng5 c6 5. Ngxe4 Nxe4 6. Nxe4 d5 7. cxd5 cxd5 8. Ng3 h5 9. e3 h4 10. Ne2 Nc6 11. d4 Qf6 12. Bd2 Bf5 13. Nf4 Bd6 14.
Nxd5 Qg6 15. f3 Bxh2 16. Rxh2 Qg3+ 17. Ke2 Qxh2 18. e4 O-O-O 19. Bf4 Qg1 20. Be3 Qh2 21. Bf4 Qh1 22. Rc1 Bd7 23. Qa4 g5 24. Nb6+ 1-0

[Event "Early-Titled-Tuesday-Blitz-September-26-2023"]
[Site "Chess.com"]
[Date "2023.09.26"]
[Round "9"]
[White "vishwa_vijeta"]
[Black "Rutricks"]
[Result "1-0"]
[WhiteElo "2556"]
[BlackElo "2675"]
[TimeControl "180+1"]
[EndTime "9:45:02 PDT"]
[Termination "vishwa_vijeta won by resignation"]

1. e4 g6 2. d4 Bg7 3. Nf3 c6 4. c4 d5 5. cxd5 cxd5 6. exd5 Nf6 7. Nc3 O-O 8. Bc4 Nbd7 9. O-O Nb6 10. Bb3 Nbxd5 11. Re1 a5 12. Ne5 Be6 13. Bg5 Qd6 14.
Rc1 Qa6 15. Bxf6 Nxc3 16. bxc3 exf6 17. Nd3 Bxb3 18. axb3 b6 19. Qf3 Rac8 20. g3 Rfd8 21. Nf4 Qb5 22. c4 Qb4 23. Nd5 Qd6 24. Ne7+ Kf8 25. Nxc8 Rxc8 26. Red1 Bh6 27. Rc2 f5 28. Qb7 Rc7 29. Qb8+ Kg7 30. c5 Qe7 31. Qxb6 f4 32.
d5 fxg3 33. hxg3 Rd7 34. c6 Rd6 35. Qd4+ Kg8 36. c7 1-0

[Event "Early-Titled-Tuesday-Blitz-September-26-2023"]
[Site "Chess.com"]
[Date "2023.09.26"]
[Round "9"]
[White "platy3"]
[Black "SAInt_666"]
[Result "1-0"]
[WhiteElo "2874"]
[BlackElo "2686"]
[TimeControl "180+1"]
[EndTime "9:45:07 PDT"]
[Termination "platy3 won on time"]

1. e4 c5 2. Nf3 d6 3. d4 cxd4 4. Nxd4 Nf6 5. Nc3 Nc6 6. Bg5 e6 7. Qd2 a6 8. O-O-O Bd7 9. Kb1 Be7 10. f3 Nxd4 11. Qxd4 Qc7 12. h4 b5 13. Qd2 h6 14.
Be3 h5 15. Bg5 b4 16. Ne2 a5 17. c4 Bc6 18. Nd4 Rc8 19. Nb5 Bxb5 20. cxb5 Nd7 21.
Bxe7 Kxe7 22. Be2 Qc5 23. Rc1 Qe5 24. Qe3 Rc5 25. f4 Qf6 26. e5 Rxc1+ 27. Rxc1 dxe5 28. Rc7 Rd8 29. b6 Qf5+ 30. Bd3 exf4 31. Qd4 Qd5 32. Qxd5 exd5 33. b7 Kd6 34. Rc8 Ke7 35. Kc2 Nb8 36. Kb3 f6 37. Ka4 g5 38. hxg5 fxg5 39. Kxa5 h4 40. Kb6 f3 41. gxf3 h3 42. Bf1 h2 43. Bg2 Rd6+ 44. Ka7 Nd7 45. Rc7 Kd8 46. Rc8+ 1-0

[Event "Early-Titled-Tuesday-Blitz-September-26-2023"]
[Site "Chess.com"]
[Date "2023.09.26"]
[Round "9"]
[White "CSB7"]
[Black "Hrant_ChessMood"]
[Result "1-0"]
[WhiteElo "2743"]
[BlackElo "2900"]
[TimeControl "180+1"]
[EndTime "9:45:08 PDT"]
[Termination "CSB7 won by checkmate"]

1. d4 Nf6 2. c4 g6 3. Nc3 Bg7 4. Nf3 d6 5. e4 O-O 6. Be2 c5 7. h3 cxd4 8. Nxd4 Nc6 9. Be3 Bd7 10.
O-O Nxd4 11. Bxd4 Bc6 12. Qc2 a5 13. Rad1 a4 14. c5 Qa5 15. cxd6 exd6 16. a3 Rfe8 17. Bf3 Rac8 18. Rfe1 h5 19. Qd2 Nd7 20. Bxg7 Kxg7 21.
Qxd6 Ne5 22. Qd4 Rcd8 23. Nd5 Bxd5 24. exd5 f6 25. Be2 Rd6 26. Qd2 Qb6 27. Qd4 Qa5 28.
Qd2 Qxd2 29. Rxd2 Nc4 30. Rc2 Nb6 31. Rc7+ Kh6 32. Kf1 Nxd5 33. Rxb7 Nf4 34. Bf3 Rxe1+ 35. Kxe1 g5 36. Be4 Re6 37. Rh7# 1-0

[Event "Early-Titled-Tuesday-Blitz-September-26-2023"]
[Site "Chess.com"]
[Date "2023.09.26"]
[Round "9"]
[White "stepanosinovsky"]
[Black "CristianS27"]
[Result "1-0"]
[WhiteElo "2370"]
[BlackElo "2484"]
[TimeControl "180+1"]
[EndTime "9:45:08 PDT"]
[Termination "stepanosinovsky won on time"]

1. Nf3 Nf6 2. g3 g6 3. Bg2 Bg7 4. O-O O-O 5. d3 d5 6. Nbd2 Nc6 7. e4 e5 8. Re1 Re8 9. Qe2 h6 10. a4 a5 11. exd5 Nxd5 12. Nc4 Be6 13. c3 Bf5 14. Nfd2 Qd7 15. Ne4 b6 16. Ne3 Nxe3 17. Bxe3 Rad8 18. Rad1 Bg4 19. Bf3 Bxf3 20. Qxf3 f5 21. Nd2 Qd5 22. Kf1 Qxd3+ 23. Qe2 Qxe2+ 24. Kxe2 e4 25. Nc4 Rxd1 26. Rxd1 Rd8 27. Bf4 Rxd1 28. Kxd1 Ne7 29. Bxc7 Nd5 30. Bxb6 Bf8 31. Bd4 g5 32. Nxa5 f4 33. Nc4 Kf7 34. a5 Nc7 35. b4 Nb5 36. a6 Ke6 37. Nb6 1-0

[Event "Early-Titled-Tuesday-Blitz-September-26-2023"]
[Site "Chess.com"]
[Date "2023.09.26"]
[Round "9"]
[White "MasterKroket"]
[Black "lefonghua"]
[Result "0-1"]
[WhiteElo "2445"]
[BlackElo "2624"]
[TimeControl "180+1"]
[EndTime "9:45:09 PDT"]
[Termination "lefonghua won by resignation"]

1. e4 c5 2. Nf3 g6 3. d4 cxd4 4.
Nxd4 Bg7 5. Nc3 Nc6 6. Be3 Nf6 7. Bc4 Qa5 8. O-O O-O 9. h3 d6 10. Bb3 Bd7 11. f4 Nxd4 12. Bxd4 Bc6 13. e5 dxe5 14.
Bxe5 Rad8 15. Qe2 Qc5+ 16. Qf2 Qxf2+ 17. Rxf2 Ne4 18. Nxe4 Bxe5 19. fxe5 Bxe4 20. Re1 Bc6 21. g4 Kg7 22. g5 e6 23. Ree2 Rd1+ 24. Rf1 Rfd8 25. Rf2 Rxf1+ 26. Kxf1 Rd4 27. Re2 Bb5 28. c4 Bxc4 29. Bxc4 Rxc4 30. Kf2 h6 31. gxh6+ Kxh6 32. Kg3 g5 33. Re3 Kg6 34. Re2 Kf5 35. Rf2+ Rf4 36.
Re2 b5 37. Re1 a5 38. Re2 b4 39. Re1 a4 40. Re3 Rf1 41. Re2 Ra1 42. b3 a3 43. Rc2 Kxe5 44. Rc5+ Kf6 45. Rc4 Rxa2 46. Rxb4 Rb2 47. Kg4 a2 48. Ra4 Kg6 0-1

[Event "Early-Titled-Tuesday-Blitz-September-26-2023"]
[Site "Chess.com"]
[Date "2023.09.26"]
[Round "9"]
[White "Predator0608"]
[Black "Korchmar_Vasiliy"]
[Result "1-0"]
[WhiteElo "2501"]
[BlackElo "2667"]
[TimeControl "180+1"]
[EndTime "9:45:10 PDT"]
[Termination "Predator0608 won by checkmate"]

1. f4 g5 2. fxg5 h6 3. gxh6 Bxh6 4. d4 Bxc1 5. Qxc1 c5 6. dxc5 Na6 7. Nc3 Nxc5 8. Nf3 d5 9. Qd2 Nf6 10. O-O-O Bf5 11. Nxd5 Nfe4 12. Qf4 Nd6 13. Qe5 Rh6 14. Qg7 Rc8 15. e4 Bxe4 16. Bb5+ Rc6 17. Qxh6 Qa5 18. Bxc6+ bxc6 19. Nxe7 Nc4 20. Qh8+ Kxe7 21. Qh4+ f6 22. Rhe1 Qxa2 23. Rxe4+ Nxe4 24. Qxe4+ Kf8 25. Rd8+ Kg7 26. Rd7+ Kf8 27. Qe7+ Kg8 28. Qe8# 1-0

[Event "Early-Titled-Tuesday-Blitz-September-26-2023"]
[Site "Chess.com"]
[Date "2023.09.26"]
[Round "9"]
[White "Maxterlopez"]
[Black "blitzo_vich"]
[Result "0-1"]
[WhiteElo "2734"]
[BlackElo "2642"]
[TimeControl "180+1"]
[EndTime "9:45:11 PDT"]
[Termination "blitzo_vich won on time"]

1. e4 e5 2. Nf3 Nc6 3. Bc4 Nf6 4.
Ng5 d5 5. exd5 Na5 6. Bb5+ c6 7. dxc6 bxc6 8. Bd3 Nd5 9. h4 h6 10. Qh5 hxg5 11.
Qxh8 Nf4 12. Bf1 Qd5 13. d3 Nxg2+ 14. Bxg2 Qxg2 15. hxg5 Bg4 16. Bd2 O-O-O 17. Qh4 Qf3 18. Kf1 Qd1+ 19. Be1 Qe2+ 20. Kg2 Bf3+ 21. Kg3 Bxh1 22.
Qxh1 Bd6 23. Qe4 Qf1 24. Bxa5 Kd7 25. Bxd8 Kxd8 26. Qxc6 Qg1+ 27. Kf3 Qh1+ 28. Ke2 Qxc6 0-1

[Event "Early-Titled-Tuesday-Blitz-September-26-2023"]
[Site "Chess.com"]
[Date "2023.09.26"]
[Round "9"]
[White "JoakimVonAnd"]
[Black "LangesNasenhaar"]
[Result "1-0"]
[WhiteElo "2702"]
[BlackElo "2478"]
[TimeControl "180+1"]
[EndTime "9:45:11 PDT"]
[Termination "JoakimVonAnd won by resignation"]

1. Nf3 g6 2. g3 Bg7 3. Bg2 d6 4. d4 Bd7 5. c4 Qc8 6. h3 Nc6 7. Nc3 e5 8. dxe5 Nxe5 9. Nxe5 dxe5 10. Be3 Nf6 11. Qb3 c6 12. Bc5 Be6 13. Bd6 Nd7 14.
Ne4 Qd8 15. O-O f5 16. Nc5 Nxc5 17. Bxc5 Qc7 18. Rfd1 Bf8 19. Bxf8 Rxf8 20. Qc3 Kf7 21. e4 f4 22. c5 Rad8 23. gxf4 exf4 24. e5 Rxd1+ 25.
Rxd1 Rd8 26. Rd6 Re8 27. Qd4 g5 28. Qd3 Kg7 29. Be4 Qa5 30. Bxh7 Qe1+ 31. Kg2 Kh8 32. Qg6 Bf7 33. Qxf7 Qe4+ 34. Bxe4 1-0

[Event "Early-Titled-Tuesday-Blitz-September-26-2023"]
[Site "Chess.com"]
[Date "2023.09.26"]
[Round "9"]
[White "jcibarra"]
[Black "Alexander_Donchenko"]
[Result "1-0"]
[WhiteElo "2958"]
[BlackElo "2816"]
[TimeControl "180+1"]
[EndTime "9:45:13 PDT"]
[Termination "jcibarra won by resignation"]

1. e4 c6 2. Nf3 d5 3. d3 dxe4 4. dxe4 Qxd1+ 5. Kxd1 Nd7 6. Nbd2 Ngf6 7. Bc4 e6 8. a4 a5 9. c3 b6 10. Ne1 Nc5 11.
f3 Ba6 12. Kc2 O-O-O 13. Bxa6+ Nxa6 14. Nc4 Kb7 15. Ne5 Rg8 16. Nxf7 Re8 17. Ne5 Bd6 18. Nc4 Bc7 19. h4 h6 20. Nd3 Rgf8 21. Be3 Nh5 22. b4 axb4 23. cxb4 Ng3 24. Rhb1 Rc8 25. Rb3 Rfd8 26. Rc1 Ne2 27. Rd1 b5 28. Ncb2 e5 29. Nc5+ Nxc5 30. Bxc5 Nf4 31. g3 Ne2 32. Bf2 Bb6 33. Bxb6 Kxb6 34. a5+ Kc7 35. Rbd3 Rxd3 36. Nxd3 Nd4+ 37. Kc3 Nxf3 38. Rf1 Nd4 39. Rf7+ Kd6 40. Nc5 Rc7 41. Nb7+ Rxb7 42. Rxb7 1-0

[Event "Early-Titled-Tuesday-Blitz-September-26-2023"]
[Site "Chess.com"]
[Date "2023.09.26"]
[Round "9"]
[White "Kirill_Klukin"]
[Black "DTChess"]
[Result "0-1"]
[WhiteElo "2702"]
[BlackElo "2610"]
[TimeControl "180+1"]
[EndTime "9:45:13 PDT"]
[Termination "DTChess won by resignation"]

1. d4 Nf6 2. Nf3 e6 3. e3 b6 4. Bd3 Bb7 5. O-O h6 6. c4 g5 7. Nc3 Bg7 8. e4 d6 9. Qe2 Nbd7 10. e5 dxe5 11. Nxe5 Nxe5 12. dxe5 Nd7 13. f4 gxf4 14. Bxf4 Nc5 15. Bc2 a5 16. Rad1 Qe7 17.
Ne4 Rd8 18. Nf6+ Kf8 19. Rxd8+ Qxd8 20. Rd1 Qe7 21. b3 Bc6 22. a3 Nd7 23. Be4 Nxf6 24.
exf6 Bxf6 25. Bxc6 Qc5+ 26. Qf2 Qxc6 27. Bxc7 Rg8 28.
Bxb6 Be7 29. Be3 e5 30. Rd5 a4 31. Bc5 axb3 32. Rd8+ Kg7 33. Bxe7 Rxd8 34. Bxd8 Qxc4 35. Bf6+ Kg6 36. Bxe5 Qc1+ 37. Qf1 Qc5+ 38. Kh1 Qxe5 39. Qb1+ Qf5 40. Qc1 Qc2 41. Qf1 b2 0-1

[Event "Early-Titled-Tuesday-Blitz-September-26-2023"]
[Site "Chess.com"]
[Date "2023.09.26"]
[Round "9"]
[White "verrbaa"]
[Black "Botvinnak"]
[Result "0-1"]
[WhiteElo "2411"]
[BlackElo "2325"]
[TimeControl "180+1"]
[EndTime "9:45:13 PDT"]
[Termination "Botvinnak won on time"]

1. Nf3 Nf6 2. g3 g6 3. Bg2 Bg7 4. O-O O-O 5. c4 d6 6. d4 Nc6 7. Nc3 Re8 8. h3 e5 9. Be3 a6 10. Rc1 Bd7 11. a3 Rb8 12. Nd5 exd4 13. Nxd4 Ne4 14.
b4 h5 15. Nf3 Ne7 16. Bd4 Nf5 17. Bxg7 Kxg7 18. e3 c6 19. Nf4 Qf6 20. Qd3 Nexg3 21. fxg3 Rxe3 22. Qd2 Rbe8 23. Qf2 Rxa3 24. Rfe1 Ree3 25.
Rxe3 Nxe3 26. Nd2 Bf5 27. Ne4 Bxe4 28. Bxe4 Qd4 29. Bf3 h4 30. Ne2 Qd2 31. gxh4 Ra2 32. Re1 Nf5 33. Bg4 Ne3 34. Bf3 Nxc4 35. h5 Ne5 36.
hxg6 fxg6 37. Be4 Qxb4 38. Rf1 Qxe4 39. Qf6+ Kh6 40. Nf4 Qe3+ 41. Kh1 Qg3 0-1

[Event "Early-Titled-Tuesday-Blitz-September-26-2023"]
[Site "Chess.com"]
[Date "2023.09.26"]
[Round "9"]
[White "spotbet"]
[Black "a-z30"]
[Result "1-0"]
[WhiteElo "2398"]
[BlackElo "2498"]
[TimeControl "180+1"]
[EndTime "9:45:17 PDT"]
[Termination "spotbet won by resignation"]

1. e4 d6 2. d4 Nf6 3. f3 g6 4.
Be3 Bg7 5. Qd2 O-O 6. Bc4 d5 7. exd5 Nxd5 8. Bxd5 Qxd5 9. Ne2 c5 10. Nbc3 Qc4 11. dxc5 Nc6 12. Qd5 Be6 13. Qxc4 Bxc4 14. O-O-O Rfc8 15. Rd7 Rab8 16. b3 Be6 17. Rd2 Nb4 18. a3 Na6 19. b4 b6 20. Nd5 Bxd5 21.
Rxd5 bxc5 22. bxc5 Bb2+ 23. Kd2 Bxa3 24. Ra1 Bb4+ 25.
c3 Nxc5 26. Rxa7 Nb3+ 27. Kc2 Bd6 28. g3 Nc5 29. Nd4 Nd7 30. Rxd7 Ra8 31. Rb7 Ra3 32. Rb3 Ra2+ 33. Rb2 Ra1 34. Rdb5 Rf1 35. Kd3 e5 36.
Ne2 Rxf3 37. Rd5 Bc5 38. Rxe5 Rd8+ 39. Nd4 Bd6 40. Re4 Rf1 41. Rf2 Rc8 42. Rxf1 1-0

[Event "Early-Titled-Tuesday-Blitz-September-26-2023"]
[Site "Chess.com"]
[Date "2023.09.26"]
[Round "9"]
[White "Evgeny81"]
[Black "imdvb6307"]
[Result "1-0"]
[WhiteElo "2751"]
[BlackElo "2495"]
[TimeControl "180+1"]
[EndTime "9:45:21 PDT"]
[Termination "Evgeny81 won on time"]

1. e4 e5 2. Nf3 Nf6 3. Nxe5 d6 4. Nf3 Nxe4 5. Qe2 Qe7 6. d3 Nf6 7. Bg5 Qxe2+ 8. Bxe2 Be7 9. Nc3 c6 10. O-O-O Na6 11.
Ne4 d5 12. Nxf6+ Bxf6 13. Bxf6 gxf6 14. d4 Nc7 15. Rhe1 Kf8 16. g3 Bd7 17. Nh4 Re8 18. Ng2 Rxe2 19. Rxe2 Bg4 20. Rde1 Bxe2 21. Rxe2 Ne6 22.
c3 Ke7 23. Nh4 Kd7 24. Nf5 Re8 25. Kd2 a5 26. Re3 a4 27. h4 b6 28. Rf3 Rg8 29. Nh6 Rg6 30. Nxf7 h5 31. Nh8 Rh6 32. Nf7 Rg6 33. Re3 Ke7 34. Nd8 Kxd8 35. Rxe6 Kd7 36.
Re3 Rg8 37. Ke2 b5 38. a3 Rg7 39. Kf3 Rg4 40. Kg2 Rg8 41. f3 Kd6 42. Kh3 Rh8 43. g4 hxg4+ 44. fxg4 1-0

[Event "Early-Titled-Tuesday-Blitz-September-26-2023"]
[Site "Chess.com"]
[Date "2023.09.26"]
[Round "9"]
[White "AsaHoffmann"]
[Black "Witty_Alien"]
[Result "0-1"]
[WhiteElo "2387"]
[BlackElo "2234"]
[TimeControl "180+1"]
[EndTime "9:45:21 PDT"]
[Termination "Witty_Alien won by checkmate"]

1. d4 e5 2. Nf3 e4 3. Nfd2 d5 4. Nb3 a5 5. Bf4 a4 6. Nc1 g5 7. Be5 Nf6 8. e3 Nc6 9. Bb5 Bd7 10. Bg3 h5 11. h4 Ng4 12. Nc3 a3 13. b3 Bb4 14. Ne2 Ra5 15. Bxc6 bxc6 16. hxg5 Qxg5 17. Bxc7 Nxe3 18. fxe3 Bg4 19. Bf4 Bxe2 20. Bxg5 Bxd1 21. Rxd1 Bxc3+ 22. Ke2 Rg8 23. Rxh5 f6 24. Bxf6 Rxg2+ 25. Kf1 Rxc2 26. Rh7 Rxa2 27. Rc1 Ra1 28. Rxa1 Bxa1 29.
Ke2 Bb2 30. b4 Ra6 31. Re7+ Kf8 32. Re6 Kf7 33. Rd6 a2 34. b5 Rb6 35. bxc6 a1=Q 36.
c7 Rxd6 37. c8=Q Qa7 38. Be5 Qa6+ 39. Kf2 Qxc8 40. Kg3 Qd7 41. Kf4 Rh6 42. Kg5 Rg6+ 43. Kf4 Qg4# 0-1

[Event "Early-Titled-Tuesday-Blitz-September-26-2023"]
[Site "Chess.com"]
[Date "2023.09.26"]
[Round "9"]
[White "Zavgorodniy_Sergiy"]
[Black "Aygehovit1992"]
[Result "1-0"]
[WhiteElo "2600"]
[BlackElo "2692"]
[TimeControl "180+1"]
[EndTime "9:45:22 PDT"]
[Termination "Zavgorodniy_Sergiy won by checkmate"]

1. e4 c5 2. Nf3 d6 3. c3 Nf6 4. Bc4 Nc6 5. Qe2 Bg4 6. d3 e6 7.
Nbd2 Qc7 8. Bb3 O-O-O 9. O-O d5 10. Ba4 Bd6 11. Bxc6 Bxh2+ 12. Kh1 bxc6 13. e5 Nd7 14. Kxh2 f6 15. d4 fxe5 16. dxe5 Rdf8 17. b4 Rf5 18. Re1 Rhf8 19. Kg1 c4 20. Qe3 Rh5 21. a4 Rff5 22.
b5 Nxe5 23. Nd4 Nd7 24. Qg3 Qxg3 25. fxg3 Rf6 26. N2f3 c5 27. Nc6 Bxf3 28. gxf3 Rxf3 29. Kg2 Rxc3 30. Ra2 e5 31. Nxa7+ Kb7 32. Nc6 e4 33. a5 Rb3 34. a6+ Ka8 35. Rf1 Rxb5 36. Rf7 Nb8 37. Ra7# 1-0

[Event "Early-Titled-Tuesday-Blitz-September-26-2023"]
[Site "Chess.com"]
[Date "2023.09.26"]
[Round "9"]
[White "deribas12345"]
[Black "SargissyanSargis"]
[Result "1-0"]
[WhiteElo "2576"]
[BlackElo "2432"]
[TimeControl "180+1"]
[EndTime "9:45:22 PDT"]
[Termination "deribas12345 won on time"]

1. d4 Nf6 2. c4 g6 3. Nc3 Bg7 4. e4 O-O 5. Nge2 d6 6. Ng3 e5 7.
d5 Na6 8. Be2 Nc5 9. b4 Ncd7 10.
Rb1 a5 11. a3 axb4 12. axb4 Qe7 13. O-O c6 14. Be3 cxd5 15. cxd5 h5 16. Bg5 Kh7 17.
Nb5 Bh6 18. Bxh6 Kxh6 19. Qd2+ Kg7 20. Qg5 Kh7 21. Bxh5 Nxd5 22. Qxe7 Nxe7 23. Be2 d5 24. Nc7 Ra2 25. Nxd5 Nxd5 26. exd5 Nb6 27. Rfd1 f5 28. Kf1 Rd8 29. d6 Be6 30. Rbc1 Rb2 31. Rc7+ Rd7 32. Bb5 Rxc7 33. dxc7 Rxb4 34. Bd7 Bxd7 35. Rxd7+ Kh6 36. Rd6 Nc8 37. Nxf5+ Kg5 38. Rd8 Nb6 39. Ne3 Rb1+ 40.
Ke2 Rc1 41. Rd6 Nc8 42. Rd5 Rxc7 43. Rxe5+ Kh6 44. Re6 b5 45. h4 1-0

[Event "Early-Titled-Tuesday-Blitz-September-26-2023"]
[Site "Chess.com"]
[Date "2023.09.26"]
[Round "9"]
[White "Roman_Ovetchkin"]
[Black "Iball95"]
[Result "1-0"]
[WhiteElo "2710"]
[BlackElo "2773"]
[TimeControl "180+1"]
[EndTime "9:45:23 PDT"]
[Termination "Roman_Ovetchkin won by resignation"]

1. d4 d5 2. c4 e6 3. Nf3 Nf6 4. g3 c5 5. cxd5 cxd4 6. Qxd4 exd5 7. Bg2 Nc6 8. Qa4 Be7 9. O-O O-O 10. Rd1 Be6 11.
Nc3 Qb6 12. Qb5 Qxb5 13. Nxb5 Rac8 14. Nbd4 h6 15. Nxe6 fxe6 16. Bh3 Kf7 17. Be3 g5 18. Nd4 Nxd4 19. Bxd4 Bc5 20. Bxf6 Kxf6 21. Bg4 Rc6 22. Rd3 Ke7 23. e3 Bb6 24. Rad1 Rc2 25. R3d2 Rfc8 26. a3 Ba5 27. b4 Bb6 28. Rxc2 Rxc2 29.
Rd3 a5 30. bxa5 Bxa5 31. Kf1 Rb2 32. Bd1 Rb1 33. a4 Kd6 34. Ke2 Rb2+ 35. Kf1 Ra2 36. h4 Kc5 37. hxg5 hxg5 38. Rb3 b6 39. Rb5+ Kc4 40.
Bb3+ Kc3 41. Bxa2 Kd3 42. Bxd5 exd5 43. Rxd5+ Ke4 44. Rxg5 Kf3 45. Rb5 Bb4 46. Rxb4 1-0

[Event "Early-Titled-Tuesday-Blitz-September-26-2023"]
[Site "Chess.com"]
[Date "2023.09.26"]
[Round "9"]
[White "Rosh1610"]
[Black "noblerone"]
[Result "0-1"]
[WhiteElo "2458"]
[BlackElo "2497"]
[TimeControl "180+1"]
[EndTime "9:45:23 PDT"]
[Termination "noblerone won by resignation"]

1. e4 d5 2. exd5 Qxd5 3. Nc3 Qd8 4. Nf3 Nf6 5. Bc4 a6 6. O-O b5 7.
Bb3 c5 8. d3 e6 9. Bf4 Be7 10.
a4 b4 11. Ne2 Bb7 12. Ne5 Nbd7 13. Ng3 Nxe5 14. Bxe5 O-O 15. f4 Nd7 16. Qg4 Nxe5 17.
fxe5 Qd4+ 18. Qxd4 cxd4 19. a5 Rad8 20. Ne2 Bd5 21. Ba4 b3 22. cxb3 Rb8 23. Kh1 Bxb3 24.
Bxb3 Rxb3 25. Nxd4 Rxb2 26. Nc6 Bg5 27. Rab1 Rc2 28. Rb6 Rc8 29. Na7 Rc1 30. Rb1 Rxf1+ 31. Rxf1 Rc7 32. h4 Bxh4 33. Rb1 h5 34. Rb8+ Kh7 35. Nc8 Bg3 36. Rb1 Rxc8 37. Kg1 Rc2 38. Kf1 Rd2 39. Rb6 Rxd3 40. Rxa6 Rd5 41. Ra8 Rxe5 0-1

[Event "Early-Titled-Tuesday-Blitz-September-26-2023"]
[Site "Chess.com"]
[Date "2023.09.26"]
[Round "9"]
[White "Maxfan2008"]
[Black "chessdjw"]
[Result "0-1"]
[WhiteElo "2564"]
[BlackElo "2690"]
[TimeControl "180+1"]
[EndTime "9:45:27 PDT"]
[Termination "chessdjw won on time"]

1. d4 Nf6 2. c4 e6 3. Nc3 Bb4 4. Nf3 b6 5. e3 Bb7 6. Bd3 Ne4 7. Qc2 Bxc3+ 8. bxc3 f5 9. O-O O-O 10. c5 d6 11. cxd6 cxd6 12. Ne1 Nd7 13. f3 Nef6 14. a4 Qc7 15. Ba3 Rac8 16. c4 Rf7 17. e4 fxe4 18. fxe4 e5 19. Nf3 exd4 20. Ng5 Re7 21. e5 Nxe5 22.
Bxh7+ Kh8 23. Qf2 Nxh7 24. Qh4 g6 25. Qh6 Qc6 26. Ra2 Rg8 27. Rf8 Qxc4 28. Raf2 Ng4 29.
Rxg8+ Qxg8 30. Nf7+ Rxf7 31. Bb2 Nxh6 32. Bxd4+ Rg7 0-1

[Event "Early-Titled-Tuesday-Blitz-September-26-2023"]
[Site "Chess.com"]
[Date "2023.09.26"]
[Round "9"]
[White "wadsy27"]
[Black "gueraumasague"]
[Result "1-0"]
[WhiteElo "2624"]
[BlackElo "2461"]
[TimeControl "180+1"]
[EndTime "9:45:28 PDT"]
[Termination "wadsy27 won on time"]

1. Nf3 g6 2. g3 Bg7 3. Bg2 d6 4. O-O Nf6 5. c4 Bf5 6. Nc3 Qc8 7. d3 Bh3 8. e4 h5 9. Bxh3 Qxh3 10. Ng5 Qd7 11.
h4 Nc6 12. Be3 Ng4 13. d4 O-O 14. Rc1 a6 15. Kg2 Rab8 16. Nf3 Nxe3+ 17. fxe3 Qg4 18. Nd2 Qxd1 19. Rcxd1 Bh6 20. Kf3 b5 21. cxb5 axb5 22. Nd5 e6 23. Nf6+ Kg7 24. Nd7 Nb4 25. Nxf8 Kxf8 26.
Rc1 c5 27. dxc5 dxc5 28. Rxc5 Nd3 29. Rc7 Bg7 30. Ke2 Ne5 31. Nf3 Ng4 32. Ng5 Bxb2 33.
Rfxf7+ Kg8 34. Nxe6 Re8 35. Rfd7 Be5 36. Rb7 1-0

[Event "Early-Titled-Tuesday-Blitz-September-26-2023"]
[Site "Chess.com"]
[Date "2023.09.26"]
[Round "9"]
[White "Bodhanas"]
[Black "RamonManon0g"]
[Result "0-1"]
[WhiteElo "2045"]
[BlackElo "2287"]
[TimeControl "180+1"]
[EndTime "9:45:28 PDT"]
[Termination "RamonManon0g won by resignation"]

1. d4 Nf6 2. Nf3 g6 3. g3 d5 4. Bg2 Bg7 5. O-O O-O 6. c3 c6 7. Re1 Nbd7 8. Nbd2 Re8 9. e4 dxe4 10. Nxe4 Nxe4 11.
Rxe4 e5 12. dxe5 Nxe5 13. Qxd8 Rxd8 14. Bg5 Nxf3+ 15. Bxf3 Bf5 16. Re2 Rd3 17. Be4 Bxe4 18. Rxe4 h6 19. Be3 Bf6 20. Re1 Kg7 21. Kg2 a5 22. Bf4 a4 23. Be5 Bxe5 24. Rxe5 a3 25. R1e2 b5 26. Rc5 Rd6 27. b3 Ra7 28. c4 b4 29. Rce5 Rd3 30. R5e3 Rad7 31. c5 Rxe3 32. Rxe3 Rd2 33. Re4 Rxa2 34. Rxb4 Rb2 35. Rb6 a2 36.
Ra6 Kf8 37. Ra3 Ke7 38. Ra7+ Ke6 39. Kf1 Kd5 40. Kg2 Kxc5 41. Kf3 Kb4 42. Ke4 Kxb3 43. Kd3 Rxf2 44. Rb7+ Ka4 45. Ra7+ Kb5 46. h4 Rf3+ 47. Ke4 Rxg3 48. Rxa2 Rg4+ 49. Ke5 Rxh4 50. Rf2 Rh5+ 51. Kf6 Rf5+ 52. Rxf5+ gxf5 53. Kxf5 c5 54. Kf6 c4 55.
Kxf7 c3 56. Kg6 c2 57. Kxh6 c1=Q+ 58. Kg6 Qf4 59. Kg7 Qf5 60. Kh6 Qg4 0-1